 Dungeon Crawl Stone Soup version 0.25-a0-10-g2fe12d4386 (webtiles) character file.

Game seed: 7891136232475979403, levelgen mode: deterministic

14266 Johnny the Geomancer (level 11, -10/82 (83) HPs)
             Began as a Demigod Earth Elementalist on Oct 15, 2019.
             Mangled by a freezing wraith (23 damage)
             ... led by a death knight
             ... on level 11 of the Dungeon.
             The game lasted 00:17:42 (11518 turns).

Johnny the Geomancer (Demigod Earth Elementalist)  Turns: 11518, Time: 00:17:43

HP:   -10/82 (83)   AC: 10    Str: 11    XL:     11   Next: 56%
MP:   16/27         EV: 18    Int: 25    God:
Gold: 607           SH:  5    Dex: 19    Spells: 13/26 levels left

rFire    + + .     SeeInvis +   l - +8 hand axe of Imbalance {holy, rF++}
rCold    . . .     Gourm    .   (no shield)
rNeg     . . .     Faith    .   F - +0 troll leather armour
rPois    .         Spirit   .   (no helmet)
rElec    .         Reflect  +   P - +2 cloak {MR+}
rCorr    .         Harm     .   t - +0 pair of gloves
MR       ++...                  i - +1 pair of boots
Stlth    ++........             E - +5 amulet of reflection
HPRegen  0.63/turn              w - +3 ring of dexterity
MPRegen  0.20/turn              s - ring of see invisible

@: slowed, very slow
A: high mp 1
a: no special abilities


You were on level 11 of the Dungeon.
You were very hungry.

You visited 1 branch of the dungeon, and saw 12 of its levels.

You collected 607 gold pieces.

Inventory:

Hand Weapons
 l - the +8 hand axe of Imbalance (weapon) {holy, rF++}
   (You found it on level 8 of the Dungeon)

   It has been blessed by the Shining One to cause great damage to the undead
   and demons.
   It greatly protects you from fire.
 L - a +2 hand axe of electrocution
Missiles
 b - 52 stones (quivered)
Armour
 i - a +1 pair of boots (worn)
 t - a +0 pair of gloves (worn)
 F - a +0 troll leather armour (worn)
 P - a +2 cloak of magic resistance (worn)
Magical Staves
 y - an uncursed staff of cold {unknown}
Jewellery
 s - a ring of see invisible (right hand)
 w - a +3 ring of dexterity (left hand)
 E - a +5 amulet of reflection (around neck)
 G - a +3 ring of strength
 J - an uncursed ring of flight
 K - an uncursed amulet of the gourmand
 Q - an uncursed ring of poison resistance {unknown}
Wands
 z - a wand of flame (12)
 D - a wand of clouds (5)
 M - a wand of random effects (23)
Scrolls
 c - a scroll of immolation
 e - 5 scrolls of teleportation
 f - 3 scrolls of remove curse
 g - 6 scrolls of amnesia
 j - 3 scrolls of magic mapping
 m - a scroll of noise
 q - 2 scrolls of blinking
 A - 5 scrolls of enchant weapon
 B - 2 scrolls of fear
 H - a scroll of fog
Potions
 a - a potion of ambrosia
 h - a potion of haste {unknown}
 k - a potion of mutation {unknown}
 n - 2 potions of cancellation
 r - a potion of heal wounds {unknown}
 u - a potion of resistance
 v - 3 potions of flight
 x - a potion of magic
 C - 2 potions of agility
 I - 2 potions of brilliance
 N - a potion of might {unknown}
 O - 3 potions of curing {unknown}
Comestibles
 d - 19 rations
 o - 3 chunks of flesh


   Skills:
 - Level 3.7 Fighting
 + Level 8.2 Dodging
 - Level 1.7 Stealth
 + Level 8.4 Spellcasting
 - Level 0.8 Transmutations
 * Level 12.6 Earth Magic


You had 13 spell levels left.
You knew the following spells:

 Your Spells              Type           Power        Failure   Level  Hunger
a - Sandblast             Erth           ######       1%          1    None
b - Stone Arrow           Conj/Erth      #####.       1%          3    None
c - Lee's Rapid Deconstr  Erth           ######....   1%          5    ####...
d - Petrify               Tmut/Erth      #####...     4%          4    ##.....

Your spell library contained the following spells:

 Spells                   Type           Power        Failure   Level  Hunger
 Passwall                 Tmut/Erth      #####...     1%          2    None
 Leda's Liquefaction      Hex/Erth       #####.....   6%          4    ##.....
 Animate Skeleton         Necr           N/A          8%          1    None
 Corona                   Hex            ##.....      8%          1    None
 Flame Tongue             Conj/Fire      ##...        8%          1    None
 Infusion                 Chrm           ##..         8%          1    None
 Pain                     Necr           ##..         8%          1    None
 Shock                    Conj/Air       ##..         8%          1    None
 Summon Small Mammal      Summ           ##..         8%          1    None
 Call Imp                 Summ           ##......     12%         2    None
 Shroud of Golubria       Chrm/Tloc      ##....       12%         2    None
 Slow                     Hex            ##......     12%         2    None
 Song of Slaying          Chrm           ##......     12%         2    None
 Swiftness                Chrm/Air       ##......     12%         2    None
 Throw Flame              Conj/Fire      ##....       12%         2    None
 Call Canine Familiar     Summ           ##......     22%         3    None
 Conjure Flame            Conj/Fire      ##......     22%         3    None
 Inner Flame              Hex/Fire       ##......     22%         3    None
 Portal Projectile        Hex/Tloc       ##....       22%         3    None
 Regeneration             Chrm/Necr      ##........   22%         3    None
 Spectral Weapon          Hex/Chrm       ##......     22%         3    None
 Static Discharge         Conj/Air       ##......     22%         3    None
 Summon Guardian Golem    Hex/Summ       ##......     22%         3    None
 Vampiric Draining        Necr           ##........   22%         3    None
 Airstrike                Air            ##........   58%         4    ##.....
 Animate Dead             Necr           N/A          58%         4    ##.....
 Cause Fear               Hex            ##........   58%         4    ##.....
 Sticky Flame             Conj/Fire      ##......     58%         4    ##.....
 Summon Ice Beast         Ice/Summ       ##......     58%         4    ##.....
 Summon Lightning Spire   Summ/Air       ##......     58%         4    ##.....
 Fireball                 Conj/Fire      ##........   91%         5    ####...
 Lightning Bolt           Conj/Air       ##........   91%         5    ####...


Dungeon Overview and Level Annotations

Branches:
Dungeon (12/15)            Temple (0/1) D:6            Lair (0/6) D:9
    Orc (0/2) D:10


Innate Abilities, Weirdness & Mutations

You have an increased reservoir of magic. (+10% MP)


Message History

The freezing wraith hits you! The freezing wraith freezes you!!
The freezing wraith hits you! The freezing wraith drains your vigour!
You feel as though you will be slow longer.
The hungry ghost barely misses you. The freezing wraith hits you!
The freezing wraith freezes you!
* * * LOW HITPOINT WARNING * * *
The freezing wraith completely misses you.
You block the hungry ghost's attack. The freezing wraith barely misses you.
The freezing wraith hits you but does no damage.
You climb upwards.
There is a stone staircase leading down here.
Unknown command.
Unknown command.
The freezing wraith closely misses you. x2; The hungry ghost hits you.
* * * LOW HITPOINT WARNING * * *
You are feeling very hungry.
The freezing wraith hits you.
* * * LOW HITPOINT WARNING * * *
The freezing wraith freezes you!!
You die...

.....### #.# ##......#.#
.......#######.# ######...#
...............###########...#.##
.......######.......#<...........
.....### #.##....#.####...#.#.
###### #.##.#..#.###......#.
#.#.>.....##.......#.
#.#WW#..#.##..#.#...>
#...@...........#..#.
###..####.......#..#)
#................#.
#............##.###
#....##......##.###
#.##.##......##....
#.##.##......######
#.......###### # ####.#### #


You could see a freezing wraith (inner flame) and a hungry ghost (inner flame).

Vanquished Creatures
  3 two-headed ogres
  An ugly thing (D:11)
  Maurice (D:12)
  5 trolls
  A slime creature (shapeshifter) (D:12)
  2 hippogriffs
  A spriggan (D:11)
  A shadow (D:11)
  2 wyverns (D:10)
  15 yaks
  A human (D:11)
  A soldier ant (D:10)
  2 water moccasins
  3 necrophages
  7 orc warriors
  5 ice beasts
  A phantom (D:10)
  5 sky beasts
  A black bear (D:11)
  An eye of draining (D:8)
  2 centaurs
  7 ogres
  A crocodile (D:11)
  7 big kobolds
  Blork the orc (D:5)
  4 bullfrogs
  A wyvern zombie (D:11)
  4 gnoll sergeants (D:10)
  A water moccasin zombie (D:9)
  4 scorpions
  9 killer bees
  4 wights (D:11)
  6 howler monkeys
  A centaur zombie (D:10)
  2 crimson imps
  A bullfrog zombie (D:8)
  5 orc priests
  2 centaur skeletons (D:10)
  5 hounds
  2 jellies
  A gnoll shaman (D:8)
  12 orc wizards
  3 iguanas
  8 worker ants
  A killer bee zombie (D:6)
  A hound zombie (D:11)
  15 gnolls
  A howler monkey skeleton (D:4)
  10 adders
  2 shadow imps
  3 oozes
  2 adder zombies
  3 worms
  2 dart slugs
  2 leopard geckos
  40 orcs
  A giant cockroach (D:1)
  7 goblins
  7 hobgoblins
  11 jackals
  4 quokkas
  2 ball pythons (D:3)
  6 bats
  3 frilled lizards
  A giant cockroach zombie (D:6)
  A jackal skeleton (D:5)
  18 kobolds
  A quokka zombie (D:6)
  3 rats (D:2)
299 creatures vanquished.

Vanquished Creatures (others)
  An orc (D:11)
1 creature vanquished.

Grand Total: 300 creatures vanquished

Notes
Turn   | Place    | Note
-------+----------+-------------------------------------------
     0 | D:1      | Johnny the Demigod Earth Elementalist began the quest for
                  | the Orb.
     0 | D:1      | Reached XP level 1. HP: 14/14 MP: 5/5
    39 | D:1      | You fall into a shaft and drop 1 floor!
   384 | D:1      | Reached skill level 3 in Earth Magic
   401 | D:1      | You fall into a shaft and drop 1 floor!
   414 | D:2      | Reached XP level 2. HP: 16/22 MP: 5/7
  1306 | D:2      | Found an iron altar of Okawaru.
  1309 | D:2      | Reached skill level 1 in Fighting
  1390 | D:2      | Found a basalt altar of Yredelemnul.
  1395 | D:2      | Reached XP level 3. HP: 18/28 MP: 8/8
  2022 | D:3      | Reached XP level 4. HP: 31/35 MP: 7/10
  2242 | D:3      | Reached skill level 4 in Earth Magic
  2617 | D:4      | Reached XP level 5. HP: 41/41 MP: 8/12
  3357 | D:4      | Reached XP level 6. HP: 42/50 MP: 8/13
  3412 | D:4      | Reached skill level 5 in Earth Magic
  3732 | D:5      | Entered Level 5 of the Dungeon
  3740 | D:5      | Found an ornate altar of the Wu Jian Council.
  4014 | D:5      | Reached XP level 7. HP: 55/57 MP: 8/15
  4036 | D:5      | Reached skill level 6 in Earth Magic
  4204 | D:5      | Noticed Blork the orc
  4208 | D:5      | Killed Blork the orc
  4570 | D:6      | Found a shattered altar of Ashenzari.
  4576 | D:6      | Got a fabulously ornate robe
  4594 | D:5      | Identified the cursed +0 robe of the Skies Above {+Inv}
                  | (You found it on level 6 of the Dungeon)
  4792 | D:6      | Found a staircase to the Ecumenical Temple.
  5132 | D:6      | Learned a level 3 spell: Stone Arrow
  5138 | D:6      | Learned a level 5 spell: Lee's Rapid Deconstruction
  5143 | D:6      | Learned a level 4 spell: Petrify
  5299 | D:7      | Reached XP level 8. HP: 60/66 MP: 16/18
  5306 | D:7      | Reached skill level 7 in Earth Magic
  5599 | D:7      | Noticed a hippogriff
  5604 | D:7      | Killed a hippogriff
  5647 | D:7      | Reached skill level 5 in Spellcasting
  5903 | D:8      | Noticed a two-headed ogre
  5908 | D:8      | Killed a two-headed ogre
  5908 | D:8      | Reached skill level 8 in Earth Magic
  5908 | D:8      | Reached XP level 9. HP: 71/71 MP: 1/20
  6366 | D:8      | Reached skill level 9 in Earth Magic
  6723 | D:8      | Got an encrusted hand axe
  6724 | D:8      | Identified the +8 hand axe of Imbalance {holy, rF++} (You
                  | found it on level 8 of the Dungeon)
  6813 | D:8      | Reached skill level 5 in Dodging
  7779 | D:9      | Found a staircase to the Lair.
  8135 | D:9      | Reached skill level 10 in Earth Magic
  8303 | D:9      | Found a bloodstained altar of Trog.
  8308 | D:9      | Found a white marble altar of Elyvilon.
  8392 | D:10     | Entered Level 10 of the Dungeon
  8451 | D:10     | Reached XP level 10. HP: 54/78 MP: 0/23
  9373 | D:10     | Found a staircase to the Orcish Mines.
  9382 | D:10     | Reached skill level 11 in Earth Magic
  9955 | D:11     | Noticed a two-headed ogre
  9977 | D:11     | Killed a two-headed ogre
 10005 | D:11     | Noticed a white ugly thing
 10009 | D:11     | Killed a white ugly thing
 10025 | D:11     | Reached XP level 11. HP: 38/82 MP: 4/26
 10165 | D:11     | Noticed a two-headed ogre
 10563 | D:11     | Reached skill level 12 in Earth Magic
 10721 | D:11     | Killed a two-headed ogre
 11320 | D:12     | Noticed Maurice
 11381 | D:12     | Killed Maurice
 11422 | D:12     | Noticed a death knight
 11423 | D:12     | Noticed a skeletal warrior
 11518 | D:11     | Mangled by a freezing wraith

Levels and vault maps discovered:
D:1:      tarquinn_simple_flora_water_d, layout_basic
D:2:      layout_loops_ring, yredelemnul_altar_generic,
          kennysheep_okawaru_gauntlet, first_ration, serial_rivers,
          chequers_serial_rivers_micro_c, chequers_serial_rivers_micro_c,
          chequers_serial_rivers_large_a, chequers_serial_rivers_micro_d
D:3:      layout_loops_ring, kennysheep_decorative_pillar
D:4:      layout_cave_pools
D:5:      layout_loops_ring, nicolae_overflow_crystal_walls,
          minmay_fractal_squares_5, uniq_blork_the_orc
D:6:      layout_basic, cheibrodos_ashenzari_chains,
          minmay_temple_entry_junction_2
D:7:      layout_cave_pools
D:8:      layout_loops_corners, grunt_ministairs_9
D:9:      layout_irregular_city, minitemple, lair_entry_dummy
D:10:     layout_roguey, kennysheep_orc_monster_closet_entryway
D:11:     layout_loops_cross, hangedman_stone_soup, serial_park_tiny_pond,
          chequers_serial_rivers_micro_c
D:12:     layout_stronghold, enter_bailey_3, corexii_leaking_fountain,
          uniq_psyche, uniq_maurice

Skill      XL: |  1  2  3  4  5  6  7  8  9 10 11 |
---------------+----------------------------------+-----
Earth Magic    | 3 4 5 6 8 10 11 12 | 12.6
Spellcasting   | 2 3 4 5 6 7 8 |  8.4
Fighting       | 1 2 3 |  3.7
Dodging        | 2 4 5 7 8 |  8.2
Stealth        | |  1.7
Transmutations | |  0.8

Action                   |  1- 3 |  4- 6 |  7- 9 | 10-12 || total
-------------------------+-------+-------+-------+-------++-------
Melee: Unarmed           |    25 |       |       |       ||    25
       Short sword       |    70 |    96 |    64 |       ||   230
       Hand axe          |       |       |   115 |   233 ||   348
 Cast: Sandblast         |    29 |    69 |    58 |    38 ||   194
       Lee's Rapid Decon |       |       |    24 |    26 ||    50
       Stone Arrow       |       |       |    14 |    53 ||    67
Evoke: Wand              |       |       |     6 |    19 ||    25
  Use: Scroll            |       |     6 |     5 |    11 ||    22
       Potion            |       |       |       |     6 ||     6
 Stab: Sleeping          |     4 |     2 |     3 |     3 ||    12
       Distracted        |       |       |     1 |       ||     1
  Eat: Chunk             |     3 |     7 |    15 |    14 ||    39
       Ration            |       |       |     1 |     1 ||     2
Armor: Robe              |    22 |    37 |    38 |     7 ||   104
       Troll leather arm |       |       |       |    48 ||    48
Dodge: Dodged            |    89 |   110 |   165 |   255 ||   619
Block: Other             |       |       |    54 |    76 ||   130
       Reflection        |       |       |     3 |     4 ||     7

Table legend:
 A = Non-vault XP
 B = Vault XP
 C = Vault XP percentage of total XP
 D = Non-vault monster count
 E = Vault monster count
 F = Vault count percentage of total count
                 A         B        C        D         E       F
            +---------+---------+-------+---------+---------+-------
      Total |   17370 |    3011 |  14.8 |     263 |      36 |  12.0
            +---------+---------+-------+---------+---------+-------
        D:1 |      18 |       0 |   0.0 |      10 |       0 |   0.0
        D:2 |      40 |       3 |   7.0 |      17 |       2 |  10.5
        D:3 |     171 |       0 |   0.0 |      23 |       0 |   0.0
        D:4 |     305 |       0 |   0.0 |      18 |       0 |   0.0
        D:5 |     600 |     190 |  24.1 |      14 |       6 |  30.0
        D:6 |     308 |       0 |   0.0 |       7 |       0 |   0.0
        D:7 |     858 |       0 |   0.0 |      10 |       0 |   0.0
        D:8 |    2406 |     112 |   4.4 |      28 |       4 |  12.5
        D:9 |    1335 |       0 |   0.0 |      34 |       0 |   0.0
       D:10 |    2953 |    1751 |  37.2 |      28 |      20 |  41.7
       D:11 |    7765 |     452 |   5.5 |      63 |       3 |   4.5
       D:12 |     611 |     503 |  45.2 |      11 |       1 |   8.3
            +---------+---------+-------+---------+---------+-------
